 Dungeon Crawl Stone Soup version 0.25.1-8-g42b30a86e7 (webtiles) character file.

Game seed: 16345227167173085672

54 Clowwww the Covered (level 3, -6/29 HPs)
             Began as a Demonspawn Fighter on Dec 12, 2020.
             Mangled by a gnoll
             ... wielding a +0 flail
              (8 damage)
             ... on level 2 of the Dungeon.
             The game lasted 00:01:51 (810 turns).

Clowwww the Covered (Demonspawn Fighter)             Turns: 810, Time: 00:01:52

Health: -6/29      AC:  6    Str: 17    XL:     3   Next: 66%
Magic:  3/3        EV:  7    Int:  9    God:
Gold:   58         SH:  9    Dex: 12    Spells: 2/2 levels left

rFire    . . .     SeeInvis .   a - +0 war axe
rCold    . . .     Gourm    .   c - +0 kite shield
rNeg     . . .     Faith    .   b - +0 scale mail
rPois    .         Spirit   .   (no helmet)
rElec    .         Reflect  .   (no cloak)
rCorr    .         Harm     .   (no gloves)
MR       .....                  (no boots)
Stlth    ..........             (no amulet)
HPRegen  0.09/turn              (no ring)
MPRegen  0.08/turn              (no ring)

@: mighty
A: powered by pain 1, sturdy frame 1
a: no special abilities


You were on level 2 of the Dungeon.
You were not hungry.

You visited 1 branch of the dungeon, and saw 2 of its levels.

You collected 58 gold pieces.

Inventory:

Hand Weapons
 a - a +0 war axe (weapon)
Armour
 b - a +0 scale mail (worn)
 c - a +0 kite shield (worn)
Scrolls
 e - 2 scrolls of noise {unknown}
 h - a scroll of enchant armour {unknown}
 i - a scroll of identify {unknown}
 l - a scroll of immolation {unknown}
 m - a scroll of enchant weapon {unknown}
Potions
 g - a potion of stabbing {unknown}
 j - a potion of resistance {unknown}
Comestibles
 f - 2 rations
 k - 3 chunks of flesh


   Skills:
 + Level 3.2 Fighting
 + Level 2.3 Axes
 + Level 3.4 Armour
 + Level 3.1 Shields


You had 2 spell levels left.
You didn't know any spells.
Your spell library was empty.

Dungeon Overview and Level Annotations

Branches:
Dungeon (2/15)

Altars:


Innate Abilities, Weirdness & Mutations

You sometimes gain a little power by taking damage.
Your movements are slightly less encumbered by armour. (ER -2)


Message History

Your experience leads to an increase in your attributes!
Increase (S)trength, (I)ntelligence, or (D)exterity?
You feel stronger.
Your demonic ancestry asserts itself...
You feel energised by your suffering. The gnoll barely misses you.
You block the gnoll's attack.
You closely miss the gnoll.
The gnoll hits you with a cursed -3 halberd.
* * * LOW HITPOINT WARNING * * *
You block the gnoll's attack.
You hit the gnoll.
The gnoll is heavily wounded.
The gnoll hits you with a cursed -3 halberd.
* * * LOW HITPOINT WARNING * * *
You slash the gnoll!
You kill the gnoll!
Your Shields skill increases to level 3!
You slice the gnoll!!
You kill the gnoll!
The gnoll hits you with a +0 flail!
You die...

..# #.# #.# #+##
#.# #...#
#######.# #.....
#.......# #......
#.##....###.......
#.#......@g.......
#.......###.......
#..##.#.# #......
#..####.# #.....
#..####.# #...#
#.......# #+##
##.###### #.#
##.#.## #.#
##.###.##### ##.##


You could see a gnoll.

Vanquished Creatures
  3 gnolls (D:2)
  An adder (D:2)
  An ooze (D:1)
  2 leopard geckos (D:1)
  2 goblins (D:1)
  A frilled lizard (D:1)
  A kobold (D:1)
  3 rats (D:1)
14 creatures vanquished.

Notes
Turn   | Place    | Note
-------+----------+-------------------------------------------
     0 | D:1      | Clowwww the Demonspawn Fighter began the quest for the Orb.
     0 | D:1      | Reached XP level 1. HP: 18/18 MP: 1/1
   134 | D:1      | Gained mutation: Your movements are slightly less
                  | encumbered by armour. (ER -2) [demonic ancestry]
   134 | D:1      | Reached XP level 2. HP: 23/24 MP: 2/2
   805 | D:2      | Gained mutation: You sometimes gain a little power by
                  | taking damage. [demonic ancestry]
   805 | D:2      | Reached XP level 3. HP: 13/29 MP: 3/3
   810 | D:2      | Mangled by a gnoll

Illustrated notes

Levels and vault maps discovered:
D:1:      moated_graveyard_arrival, layout_basic
D:2:      layout_loops_corners, first_ration, st_stairs_4, kennysheep_doodads

Skill      XL: |  1  2  3 |
---------------+----------+-----
Axes           | 2 |  2.3
Armour         | 3 |  3.4
Shields        | 3 |  3.1
Fighting       | |  3.2

Action                   || total
-------------------------++-------
Melee: War axe           ||    42
  Use: Potion            ||     1
Armor: Scale mail        ||    22
Dodge: Dodged            ||    14
Block: Kite shield       ||    11
